 Dungeon Crawl Stone Soup version 0.29.1-2-gbd0b4ee654 (webtiles) character file.

Game seed: 13125436220823615669

108 hawla the Chiller (level 5, -1/38 HPs)
             Began as a Meteoran Ice Elementalist on Nov 10, 2022.
             Slain by an orc
             ... wielding a +4 dagger
              (7 damage)
             ... on level 3 of the Dungeon.
             The game lasted 00:06:42 (1410 turns).

hawla the Chiller (Meteoran Ice Elementalist)       Turns: 1410, Time: 00:06:43

Health: -1/38      AC:  2    Str:  9    XL:     5   Next: 35%
Magic:  12/12      EV: 13    Int: 18    God:
Gold:   144        SH:  0    Dex: 15    Spells: 8/12 levels left

rFire   . . .      SeeInvis .   (no weapon)
rCold   . . .      Faith    .   (no shield)
rNeg    . . .      Spirit   .   a - +0 robe
rPois   .          Reflect  .   (no helmet)
rElec   .          Harm     .   (no cloak)
rCorr   .          Rampage  .   (no gloves)
Will    +....                   (no boots)
Stlth   +.........              (no amulet)
HPRegen 0.12/turn               p - ring "Tyebruv" {Wiz Fly}
MPRegen 0.13/turn               (no ring)

@: brilliant, attractive, flying, glowing, unable to drink
A: sense surroundings 1, otherworldly, glowing, explore regen, hooves 1,
strong-willed 1, inability to drink after injury 1
a: no special abilities


You were on level 3 of the Dungeon.
You visited 1 branch of the dungeon, and saw 3 of its levels.

You collected 144 gold pieces.

Inventory:

Armour
 a - a +0 robe (worn)
Jewellery
 p - the ring "Tyebruv" (left hand) {Wiz Fly}
   (You found it on level 3 of the Dungeon)

   [ring of wizardry]

   It improves your spell success rate.
   Fly:       It grants you flight.
 s - a ring of flight
Wands
 q - a wand of acid (12) (quivered)
Scrolls
 c - 2 scrolls of blinking
 d - a scroll of immolation {unknown}
 f - 2 scrolls of identify {unknown}
 k - a scroll of amnesia {unknown}
 n - a scroll of magic mapping {unknown}
 o - a scroll of poison {unknown}
 r - a scroll of noise {unknown}
Potions
 b - a potion of magic
 j - 2 potions of haste {unknown}
 l - a potion of resistance {unknown}
 m - a potion of curing {unknown}
 t - a potion of cancellation {unknown}


   Skills:
 + Level 0.1 Fighting
 + Level 2.9 Dodging
 + Level 1.5 Stealth
 + Level 4.0 Spellcasting
 + Level 5.7 Ice Magic


You had 8 spell levels left.
You knew the following spells:

 Your Spells              Type           Power      Damage    Failure   Level
a - Freeze                Ice            100%       1d11      1%          1
b - Frozen Ramparts       Ice            72%        1d11      1%          3

Your spell library contained the following spells:

 Spells                   Type           Power      Damage    Failure   Level
 Ozocubu's Armour         Ice            36%        N/A       1%          3
 Stone Arrow              Conj/Erth      10%        3d7       17%         3
 Hailstorm                Conj/Ice       20%        3d6       17%         4
 Metabolic Englaciation   Hex/Ice        10%        N/A       43%         5
 Animate Armour           Summ/Erth      10%        N/A       47%         4
 Simulacrum               Ice/Necr       10%        N/A       93%         6
 Lehudib's Crystal Spear  Conj/Erth      2%         10d2      100%        8


Dungeon Overview and Level Annotations

Branches:
Dungeon (3/15) Zot: 390

Altars:


Innate Abilities, Weirdness & Mutations

You passively map a small area around you.
You are easily found by Zot.
You glow in the dark.
You regain HP and MP as you explore.
You have large cloven feet.
You are strong-willed. (Will+)
You occasionally lose the ability to drink potions when taking damage.


Message History

Unknown command.
The orc wizard gestures at you while chanting.
The magic dart hits you! The orc attacks as you move away!
The orc hits you with a +0 flail. The orc hits you with a +0 club.
The orc wizard hits you with a +0 dagger.
The orc attacks as you move away! The orc completely misses you.
The orc wizard casts a spell at you.
You are confused.
You barely miss the orc wizard. The orc closely misses you.
The orc wizard hits you with a +0 dagger.
You bump into the rock wall.
The orc barely misses you. x2
The orc wizard barely misses you.
It was a potion of brilliance.
You feel clever all of a sudden. The orc hits you with a +0 club.
The orc wizard hits you with a +0 dagger.
It was a potion of heal wounds.
You feel much better. The orc misses you. x2
The orc wizard closely misses you. The orc hits you with a +4 dagger.
You miss the orc wizard.
You feel less confused. The orc barely misses you. x2
The orc wizard hits you with a +0 dagger.
The orc hits you with a +4 dagger.
It was a potion of mutation.
You feel extremely strange.
You occasionally lose the ability to drink potions when taking damage.
Your feet thicken and deform.
You feel strong-willed. The orc hits you with a +0 flail.
The orc hits you with a +0 club. The orc wizard barely misses you.
The orc barely misses you.
It was a potion of attraction.
You feel attractive to monsters. The orc hits you with a +0 flail!
You feel threatened and lose the ability to drink potions!
The orc hits you with a +0 club.
* * * LOW HITPOINT WARNING * * *
The orc wizard gestures at you while chanting.
The magic dart hits you.
* * * LOW HITPOINT WARNING * * *
The orc hits you with a +4 dagger!
You die...

,, #.###.#.###.# ##
* ##.........#.. #
##.^.#..#.#....###
##......#..###.....
#.........## ##.##
#........## # #
#.......## * #
#####oo...## #
#....@o....#*
#..##..o....... .
,#.......##.. , ,,
** .......... . ,
.. *###.....#### ..
##...## .. ##### *


You could see an orc wizard and 3 orcs.

Vanquished Creatures
  An orc priest (D:3)
  An iguana (D:3)
  A dart slug (D:2)
  2 orcs (D:3)
  3 bats
  4 endoplasms (D:1)
  3 giant cockroaches
  8 goblins
  8 hobgoblins
  A quokka (D:2)
  6 ball pythons
  2 frilled lizards (D:1)
  3 kobolds
  4 rats
47 creatures vanquished.

Notes
Turn   | Place    | Note
-------+----------+-------------------------------------------
     0 | D:1      | hawla the Meteoran Ice Elementalist began the quest for the
                  | Orb.
     0 | D:1      | Reached XP level 1. HP: 14/14 MP: 5/5
   108 | D:1      | Reached XP level 2. HP: 20/20 MP: 3/6
   186 | D:1      | Reached XP level 3. HP: 26/26 MP: 1/8
   197 | D:1      | Learned a level 3 spell: Frozen Ramparts
   316 | D:1      | Reached skill level 5 in Ice Magic
   500 | D:1      | Glimpsed the power of Zot.
   865 | D:2      | Reached XP level 4. HP: 29/33 MP: 6/10
  1032 | D:2      | Found a faded altar of an unknown god.
  1100 | D:2      | Glimpsed the power of Zot.
  1145 | D:3      | Identified the ring "Tyebruv" {Wiz Fly}
  1331 | D:3      | Reached XP level 5. HP: 24/38 MP: 7/11
  1409 | D:3      | Gained mutation: You occasionally lose the ability to drink
                  | potions when taking damage. [potion of mutation]
  1409 | D:3      | Gained mutation: You have large cloven feet. [potion of
                  | mutation]
  1409 | D:3      | Gained mutation: You are strong-willed. (Will+) [potion of
                  | mutation]
  1410 | D:3      | Slain by an orc

Illustrated notes

Levels and vault maps discovered:
D:1:      scummos_arrival_simple_fountains, layout_rooms
D:2:      layout_loops_cross, shapermc_ecumenical_altar_totnotflames
D:3:      layout_rooms, uniq_jessica

Skill      XL: |  1  2  3  4  5 |
---------------+----------------+-----
Spellcasting   | 3 4 |  4.0
Ice Magic      | 5 |  5.7
Fighting       | |  0.1
Dodging        | |  2.9
Stealth        | |  1.5

Action                   |  1- 3 |  4- 6 || total
-------------------------+-------+-------++-------
Melee: Unarmed           |    11 |     9 ||    20
 Cast: Freeze            |    27 |     8 ||    35
       Frozen Ramparts   |    14 |     6 ||    20
  Use: Scroll            |       |     1 ||     1
       Potion            |       |     4 ||     4
Armor: Robe              |     6 |     1 ||     7
Dodge: Dodged            |    18 |    21 ||    39
